 Dungeon Crawl Stone Soup version 0.31-a0-185-g9dded2c639 (webtiles) character file.

Game seed: 11128622874125061641

117 qw the Skirmisher (level 4, -1/25 HPs)
             Began as a Deep Elf Hunter on June 22, 2023.
             Killed from afar by Sigmund (10 damage)
             ... with a puff of flame
             ... on level 3 of the Dungeon.
             The game lasted 00:00:42 (1645 turns).

qw the Skirmisher (Deep Elf Hunter)                 Turns: 1645, Time: 00:00:42

Health: -1/25      AC:  4    Str: 10    XL:     4   Next: 71%
Magic:  6/6        EV: 12    Int: 14    God:
Gold:   166        SH:  0    Dex: 18    Spells: 3/3 levels left

rFire   . . .        Y - +1 shortbow
rCold   . . .        (shield currently unavailable)
rNeg    . . .        c - +0 leather armour
rPois   .            e - +0 helmet
rElec   .            (no cloak)
rCorr   .            (no gloves)
SInv    .            (no boots)
Will    .....        (no amulet)
Stlth   +            (no ring)
HPRegen 0.24/turn    (no ring)
MPRegen 0.10/turn

%: no passive effects
@: confused
A: no striking features
a: no special abilities


You were on level 3 of the Dungeon.
You visited 1 branch of the dungeon, and saw 3 of its levels.

You collected 166 gold pieces.


   Skills:
 - Level 1.5 Fighting
 + Level 8.1 Ranged Weapons
 - Level 2.4 Dodging
 - Level 1.2 Stealth


You had 3 spell levels left.
You didn't know any spells.
Your spell library was empty.

Inventory:

Hand Weapons
 Y - a +1 shortbow (weapon)
Armour
 c - a +0 leather armour (worn)
 d - a +0 pair of gloves
 e - a +0 helmet (worn)
 f - a +0 ring mail
Scrolls
 a - 2 scrolls of identify
 g - a scroll of enchant armour {unknown}
 i - a scroll of teleportation {unknown}
Potions
 b - 3 potions of heal wounds
 h - a potion of mutation {unknown}

Dungeon Overview and Level Annotations

Branches:
Dungeon (3/15)

Altars:

Annotations:
D:3 Sigmund


Message History

Your Ranged Weapons skill increases to level 8!
You shoot an arrow. The arrow hits the gnoll.
The gnoll is lightly wounded.
You hear a shout!
The gnoll hits you but does no damage.
You shoot an arrow. The arrow barely misses the gnoll.
The gnoll hits you from afar with a +0 spear.
You shoot an arrow. The arrow closely misses the gnoll.
You hear a shout!
The gnoll barely misses you.
You shoot an arrow. The arrow hits the gnoll.
The gnoll is moderately wounded.
The gnoll closely misses you.
You shoot an arrow. The arrow hits the gnoll!
You kill the gnoll!
You shoot an arrow. The arrow closely misses Sigmund.
Sigmund hits you from afar with a +0 scythe.
A hobgoblin comes into view.
You shoot an arrow. The arrow closely misses Sigmund.
Sigmund hits you but does no damage.
You shoot an arrow. The arrow closely misses Sigmund.
Sigmund gestures at you while chanting.
You are confused.
Sigmund barely misses you. Sigmund misses you. Sigmund misses you.
You feel less confused.
Sigmund hits you from afar with a +0 scythe!
You shoot an arrow. The arrow closely misses Sigmund.
Sigmund gestures at you while chanting.
You are confused.
Sigmund barely misses you. Sigmund casts a spell at you.
You are more confused.
Sigmund barely misses you. Sigmund closely misses you.
Sigmund closely misses you. Sigmund casts a spell at you.
The puff of flame hits you!
You die...

.@# ..# g.
.. .# g#
###@#.#
#)....#
#@###.#
#.#
##.###.##.
#.........
#.####.##.
#.# #.#
##.## #<#
#.... #.#
#...#


You could see Sigmund and a hobgoblin.

Vanquished Creatures
  Natasha (D:3)
  3 gnolls (D:3)
  An adder (D:3)
  2 worms
  An orc (D:3)
  9 ball pythons
  A bat (D:1)
  2 endoplasms
  A giant cockroach (D:1)
  8 goblins
  2 hobgoblins (D:1)
  4 jackals (D:1)
  3 quokkas
  4 frilled lizards
  3 kobolds
  4 rats
49 creatures vanquished.

Notes
Turn   | Place    | Note
-------+----------+-------------------------------------------
     0 | D:1      | qw the Deep Elf Hunter began the quest for the Orb.
     0 | D:1      | Reached XP level 1. HP: 12/12 MP: 3/3
     0 | D:1      | 0 ||| qw: Version: 0.3-a-9-g12657ce
     0 | D:1      | 0 ||| qw: Game counter: 1703
     0 | D:1      | 0 ||| qw: Always use a shield: true
     0 | D:1      | 0 ||| qw: God list: Okawaru
     0 | D:1      | 0 ||| qw: Allow faded altars: false
     0 | D:1      | 0 ||| qw: Do Orc after D:15 true
     0 | D:1      | 0 ||| qw: Do second Lair branch before Depths: true
     0 | D:1      | 0 ||| qw: Lair rune preference: random
     0 | D:1      | 0 ||| qw: Plans: Normal
     0 | D:1      | 0 ||| PLANNING D:1-11
    67 | D:1      | Reached skill level 6 in Ranged Weapons
    67 | D:1      | Reached XP level 2. HP: 16/16 MP: 4/4
    93 | D:1      | HP: 4/16 [goblin/+0 club (2)]
   214 | D:1      | Found a faded altar of an unknown god.
   748 | D:1      | 748 ||| READING 2 scrolls labelled IFFIPS BEHAMOTS.
   749 | D:1      | 749 ||| READING scroll labelled VOALAI YWNA.
   750 | D:1      | 750 ||| READING scroll labelled YROCZA ULED.
   751 | D:1      | 751 ||| DROPPING scroll of immolation.
   752 | D:1      | 752 ||| DROPPING scroll of butterflies.
   803 | D:2      | Reached XP level 3. HP: 20/20 MP: 5/5
  1308 | D:2      | 1308 ||| UPGRADING to +0 helmet.
  1313 | D:2      | 1313 ||| READING 4 scrolls labelled TURAOBBYUMP.
  1314 | D:2      | 1314 ||| READING scroll labelled EBLULA AVODGHAA.
  1315 | D:2      | 1315 ||| READING scroll labelled DIREFFOTUU.
  1316 | D:2      | 1316 ||| DRINKING 2 coppery potions.
  1317 | D:2      | 1317 ||| READING 3 scrolls of identify.
  1317 | D:2      | 1317 ||| IDENTIFYING viscous red potion
  1318 | D:2      | 1318 ||| DROPPING potion of brilliance.
  1379 | D:3      | 1379 ||| FLEEEEING.
  1380 | D:3      | 1380 ||| FLEEEEING.
  1381 | D:3      | 1381 ||| FLEEEEING.
  1382 | D:3      | 1382 ||| FLEEEEING.
  1383 | D:3      | 1383 ||| FLEEEEING.
  1384 | D:3      | 1384 ||| FLEEEEING.
  1385 | D:3      | 1385 ||| FLEEEEING.
  1437 | D:3      | Reached skill level 7 in Ranged Weapons
  1587 | D:3      | Noticed Natasha
  1591 | D:3      | Killed Natasha
  1592 | D:3      | Reached XP level 4. HP: 25/25 MP: 6/6
  1610 | D:3      | Noticed Sigmund
  1611 | D:3      | 1611 ||| Stepping ~*~*~tactically~*~*~ (outnumbered).
  1619 | D:3      | 1619 ||| FLEEEEING.
  1623 | D:3      | Reached skill level 8 in Ranged Weapons
  1645 | D:3      | Killed from afar by Sigmund

Levels and vault maps discovered:
D:1:      scummos_arrival_simple_crosswalls, layout_basic,
          shapermc_ecumenical_altar_acropolis, nicolae_figureground_pulse
D:2:      layout_basic, nicolae_underground_beach
D:3:      layout_loops_ring, mainiacjoe_overflow_boulevard,
          grunt_dithmenos_smoke, grunt_temple_overflow_open,
          minmay_misc_feat_more_columns, minmay_pentomino_pile, uniq_sigmund,
          uniq_natasha, uniq_crazy_yiuf_cottage

Skill      XL: |  1  2  3  4 |
---------------+-------------+-----
Ranged Weapons | 6 7 8 |  8.1
Fighting       | |  1.5
Dodging        | |  2.4
Stealth        | |  1.2

Action                     |  1- 3 |  4- 6 || total
---------------------------+-------+-------++-------
   Fire: Shortbow          |   127 |    23 ||   150
    Use: Scroll            |     7 |       ||     7
         Potion            |     1 |       ||     1
 Armour: Leather armour    |    12 |     3 ||    15
  Dodge: Dodged            |    33 |    15 ||    48

Table legend:
 A = Non-vault XP
 B = Vault XP
 C = Vault XP percentage of total XP
 D = Non-vault monster count
 E = Vault monster count
 F = Vault count percentage of total count
                 A         B        C        D         E       F
            +---------+---------+-------+---------+---------+-------
      Total |     117 |      51 |  30.4 |      45 |       4 |   8.2
            +---------+---------+-------+---------+---------+-------
        D:1 |      39 |       0 |   0.0 |      23 |       0 |   0.0
        D:2 |      15 |       0 |   0.0 |       8 |       0 |   0.0
        D:3 |      63 |      51 |  44.7 |      14 |       4 |  22.2
            +---------+---------+-------+---------+---------+-------
